Map: Automaton LE

Players

Odin - Winner!

  • Race: Zerg Zerg
  • League: Platinum
  • Spawn Location: 9:00

Player 2

  • Race: Zerg Zerg
  • Spawn Location: 3:00

VOD

Have the link to the VOD?

Description

Time

  • Played on: Dec. 21, 2018, 9:04 a.m.
  • Length: 26:36
Show
View Real Time Build Order
Export as new Build Order

Odin Zerg - Winner!

Build Orders:  

Get SALT Encoding   

  12  0:00  Unknown  
  12  0:03  Unknown  
  12  0:13  Extractor  
  11  0:14  Drone  
  11  0:15  Extractor, Drone  
  11  0:18  Drone  
  13  0:25  Drone  
  14  0:45  Roach Warren  
  14  0:47  Drone  
  14  0:53  Overlord  
  14  0:55  Unknown  
  14  1:03  Unknown  
  14  1:05  Unknown  
  14  1:08  Unknown  
  14  1:10  Unknown  
  14  1:19  Unknown  
  14  1:23  Unknown  
  14  1:26  Unknown  
  14  1:29  Unknown  
  14  1:31  Unknown  
  14  1:48  Hatchery  
  14  1:51  Unknown  
  13  1:55  Unknown  
  13  1:56  Unknown x3  
  13  1:59  Hatchery  
  13  2:00  Drone x2  
  14  2:03  Unknown  
  14  2:19  Drone x2  
  14  2:20  Drone x2  
  18  2:27  Unknown  
  18  2:28  Unknown  
  18  2:29  Unknown  
  18  2:38  Drone x4  
  22  2:57  Drone x2  
  24  2:59  Drone  
  24  3:00  Drone x3  
  28  3:10  Unknown x3  
  28  3:14  Unknown  
  28  3:16  Drone x4  
  28  3:17  Drone x2  
  34  3:31  Overlord x2  
  34  3:37  Drone  
  34  3:46  Unknown x2  
  34  3:52  Drone x2  
  34  3:53  Lair, Drone x6  
  34  3:54  Drone  
  44  3:55  Drone x2  
  44  3:56  Unknown x2, Drone x3  
  44  4:01  Extractor  
  44  4:02  Drone x2  
  49  4:04  Extractor, Drone  
  49  4:05  Unknown  
  49  4:06  Drone  
  50  4:11  Overlord  
  50  4:13  Overlord  
  50  4:14  Unknown x2  
  50  4:16  Overlord  
  50  4:25  Unknown x2  
  50  4:27  Unknown  
  50  4:30  Unknown x2  
  50  4:31  Unknown  
  50  4:32  Unknown  
  50  4:33  Unknown  
  50  4:34  Unknown x2  
  50  4:43  Unknown x2, Drone  
  50  4:44  Drone x17  
  68  4:52  Extractor x2  
  66  4:53  Unknown x2  
  66  4:56  Unknown x2  
  66  4:58  Unknown x4  
  66  5:06  Unknown x3  
  66  5:07  Nydus Network  
  66  5:10  Drone  
  66  5:17  Evolution Chamber x2  
  66  5:18  Drone  
  66  5:19  Drone  
  66  5:39  Drone x2  
  68  5:49  Spire  
  67  5:51  Zerg Missile Weapons Level 1  
  67  5:56  Spire  
  66  5:59  Zerg Ground Armor Level 1  
  66  6:10  Glial Reconstitution  
  66  6:20  Unknown x2  
  66  6:25  Unknown  
  66  6:33  Unknown  
  74  6:52  Unknown x2  
  74  6:53  Unknown x2  
  74  6:54  Unknown x3  
  74  6:55  Unknown  
  74  7:03  Unknown  
  74  7:04  Unknown x5  
  74  7:05  Tunneling Claws  
  74  7:09  Unknown x2  
  74  7:12  Unknown  
  74  7:16  Unknown  
  74  7:18  Unknown x2  
  74  7:27  Unknown  
  74  7:28  Overlord x6  
  74  7:29  Overlord x12  
  74  7:36  Zerg Ground Armor Level 2, Zerg Missile Weapons Level 2  
  74  7:40  Infestation Pit  
  74  7:42  Drone  
  74  7:44  Zerg Flyer Armor Level 1  
  74  7:45  Zerg Flyer Weapons Level 1  
  74  7:51  Unknown  
  74  7:54  Unknown  
  74  7:55  Unknown  
  74  8:03  Unknown x2  
  78  8:07  Unknown x4  
  78  8:10  Unknown x2  
  78  8:19  Unknown x2  
  78  8:31  Unknown x2  
  78  8:38  Nydus Canal, Unknown  
  78  8:45  Unknown x2  
  78  8:49  Unknown  
  78  8:50  Unknown x2  
  78  8:52  Unknown  
  78  8:53  Unknown x2  
  78  8:55  Unknown x2  
  104  8:56  Unknown x10  
  118  9:04  Unknown  
  118  9:07  Unknown  
  118  9:09  Unknown x2  
  118  9:10  Unknown  
  118  9:14  Unknown x13  
  118  9:15  Unknown x2  
  118  9:16  Unknown  
  118  9:17  Unknown x3  
  118  9:18  Unknown  
  118  9:19  Unknown x3  
  118  9:20  Unknown  
  118  9:21  Unknown  
  118  9:23  Unknown  
  118  9:24  Unknown x15  
  138  9:26  Unknown  
  138  9:28  Unknown x4  
  138  9:32  Unknown x2  
  138  9:36  Unknown  
  138  9:39  Unknown x2  
  138  9:44  Unknown  
  138  9:47  Unknown x2  
  138  9:49  Unknown  
  138  9:50  Unknown  
  138  9:54  Unknown  
  138  9:57  Unknown x2  
  138  9:58  Unknown  
  138  10:02  Unknown  
  138  10:04  Unknown  
  138  10:09  Unknown  
  138  10:15  Hive  
  138  10:19  Unknown x2  
  137  10:58  Unknown x2  
  137  10:59  Unknown x2  
  137  11:00  Unknown x2  
  137  11:01  Unknown x2  
  137  11:02  Unknown x3  
  137  11:03  Unknown x2  
  137  11:04  Unknown x2  
  137  11:05  Unknown x3  
  137  11:06  Unknown x5  
  137  11:08  Unknown  
  137  11:14  Unknown  
  137  11:20  Unknown  
  137  11:27  Unknown  
  137  11:36  Unknown  
  137  11:55  Mutalisk x4, Viper x4  
  137  11:56  Mutalisk x12, Viper x4  
  169  12:08  Unknown x2  
  193  12:22  Extractor  
  192  12:23  Hatchery  
  192  12:26  Unknown  
  192  12:27  Extractor  
  190  12:42  Unknown  
  190  12:43  Unknown x9  
  190  12:59  Unknown  
  187  13:12  Unknown x3  
  187  13:13  Unknown x6  
  187  13:24  Unknown x4  
  186  13:34  Unknown x2  
  186  13:39  Queen x2  
  186  13:40  Queen x4  
  186  13:41  Queen  
  186  13:49  Unknown x2  
  198  14:00  Unknown x4  
  200  14:11  Unknown x2  
  200  14:30  Viper  
  200  14:32  Zerg Flyer Weapons Level 2  
  200  14:33  Zerg Flyer Armor Level 2  
  200  14:37  Unknown x5  
  200  14:39  Unknown  
  200  14:40  Unknown x3  
  200  14:45  Unknown  
  200  14:47  Unknown  
  200  14:50  Unknown  
  200  14:51  Unknown x4  
  200  14:59  Unknown x2  
  199  15:08  Unknown  
  199  15:10  Unknown  
  199  15:29  Unknown  
  199  15:32  Unknown x4  
  199  15:34  Unknown  
  199  15:37  Unknown  
  199  15:38  Unknown  
  199  15:44  Unknown x2  
  199  15:45  Unknown x6  
  199  15:46  Unknown x2  
  199  15:48  Unknown x2  
  199  15:50  Unknown x2  
  199  15:53  Zerg Missile Weapons Level 3  
  199  15:54  Zerg Ground Armor Level 3  
  199  15:56  Unknown  
  199  15:58  Unknown x2  
  199  16:08  Unknown  
  197  16:14  Unknown  
  197  16:15  Unknown  
  197  16:16  Unknown  
  197  16:17  Unknown  
  195  16:20  Unknown x4  
  195  16:23  Unknown x6  
  195  16:25  Unknown x3  
  195  16:33  Greater Spire  
  195  16:41  Unknown  
  195  16:48  Mutalisk  
  195  16:50  Unknown  
  195  16:54  Unknown  
  195  17:08  Unknown  
  195  17:09  Unknown  
  195  17:11  Unknown x2  
  195  17:12  Unknown x2  
  195  17:13  Unknown  
  195  17:14  Unknown x2  
  195  17:15  Unknown  
  195  17:16  Unknown  
  195  17:20  Unknown x3  
  195  17:21  Unknown x7  
  195  17:22  Unknown  
  195  17:28  Unknown  
  195  17:30  Unknown x6  
  195  17:31  Unknown  
  195  17:33  Unknown x3  
  195  17:34  Queen, Unknown x2  
  195  17:35  Unknown  
  195  17:36  Unknown x2  
  195  17:37  Unknown x5  
  195  17:38  Unknown x2  
  195  17:39  Unknown x3  
  195  17:41  Unknown  
  195  17:43  Unknown x3  
  195  17:45  Unknown  
  195  17:50  Unknown  
  195  18:06  Greater Spire  
  195  18:10  Unknown x2  
  195  18:20  Unknown  
  195  18:28  Unknown  
  195  18:33  Unknown  
  195  18:37  Unknown x2  
  195  18:40  Unknown x3  
  195  18:41  Unknown x2  
  195  18:42  Unknown  
  195  18:46  Unknown x2  
  195  18:54  Mutalisk x3  
  195  18:55  Mutalisk x2  
  195  18:56  Mutalisk  
  195  19:00  Mutalisk x4  
  195  19:01  Mutalisk x3  
  195  19:04  Unknown  
  195  19:18  Unknown x3  
  195  19:19  Unknown x2  
  195  19:20  Unknown  
  195  19:24  Unknown x5  
  195  19:25  Unknown x3  
  195  19:30  Unknown x2  
  195  19:38  Mutalisk  
  195  19:39  Mutalisk  
  199  19:47  Zerg Flyer Armor Level 3  
  199  19:48  Zerg Flyer Weapons Level 3  
  199  19:59  Unknown x2  
  199  20:12  Unknown  
  199  20:21  Unknown  
  199  20:26  Unknown  
  199  20:29  Unknown  
  199  20:34  Unknown  
  197  20:35  Unknown  
  197  20:41  Unknown x4  
  197  20:42  Unknown x7  
  197  20:43  Unknown x2  
  197  20:48  Unknown  
  197  20:50  Unknown x2  
  197  20:52  Mutalisk  
  197  20:57  Unknown  
  197  20:58  Unknown x2  
  197  21:01  Unknown  
  197  21:14  Unknown x2  
  197  21:16  Unknown x2  
  195  21:19  Unknown x2  
  195  21:34  Unknown x2  
  195  21:48  Unknown x2  
  195  21:49  Unknown x10  
  195  21:50  Unknown x8  
  195  21:51  Unknown  
  195  21:52  Unknown x4  
  195  21:53  Unknown x3  
  195  21:54  Unknown x2  
  195  21:55  Unknown  
  195  21:56  Unknown  
  195  21:57  Unknown x4  
  195  21:58  Unknown x2  
  195  22:01  Unknown x3  
  195  22:02  Unknown x2  
  195  22:03  Unknown  
  195  22:05  Queen x2  
  195  22:08  Unknown  
  195  22:15  Unknown  
  195  22:16  Unknown  
  195  22:17  Unknown x3  
  195  22:18  Unknown x3  
  195  22:19  Unknown x2  
  195  22:20  Unknown  
  195  22:22  Unknown  
  199  22:23  Drone  
  199  22:24  Unknown  
  199  22:28  Unknown x2  
  199  22:29  Unknown x2  
  200  22:30  Unknown x3  
  200  22:32  Unknown  
  200  22:33  Unknown x2  
  200  22:35  Unknown  
  200  22:36  Unknown  
  200  22:37  Unknown  
  200  22:38  Unknown x9  
  200  22:39  Unknown x2  
  200  22:40  Unknown x3  
  200  22:43  Unknown x3  
  200  22:44  Unknown x4  
  200  22:45  Unknown x3  
  200  22:46  Unknown x5  
  200  22:47  Unknown x2  
  200  22:48  Unknown x3  
  200  22:54  Unknown  
  200  22:55  Unknown x2  
  200  22:56  Unknown  
  200  22:57  Unknown x2  
  200  22:59  Unknown  
  200  23:00  Unknown  
  200  23:01  Unknown  
  200  23:04  Unknown  
  200  23:05  Unknown x2  
  200  23:15  Unknown x3  
  200  23:16  Unknown  
  200  23:18  Unknown  
  200  23:21  Unknown  
  200  23:23  Unknown  
  200  23:24  Ventral Sacs  
  200  23:35  Unknown x3  
  200  23:36  Unknown  
  200  23:41  Unknown  
  200  23:48  Unknown  
  200  23:49  Unknown  
  200  23:50  Unknown  
  200  23:53  Unknown  
  200  24:12  Overseer  
  200  24:13  Overseer x3  
  200  24:14  Overseer x4  
  200  24:17  Overseer x6  
  200  24:29  Unknown  
  200  25:10  Unknown  
  200  25:17  Unknown x2  
  200  25:37  Unknown  
  200  26:07  Unknown x6  
  200  26:08  Unknown x6  
  200  26:09  Unknown x4  
  200  26:10  Unknown x3  
  200  26:11  Unknown  
  200  26:17  Unknown  
  200  26:18  Unknown  
  200  26:21  Unknown  
  200  26:24  Unknown x3  
  200  26:30  Unknown  
  200  26:33  Unknown  
Show
View Real Time Build Order
Export as new Build Order

Player 2 Zerg 

Build Orders: 1 Base Baneling Bust, Pool First 

Get SALT Encoding   

  12  0:01  Drone  
  12  0:03  Unknown  
  13  0:12  Overlord  
  13  0:17  Drone  
  14  0:30  Drone  
  14  0:32  Drone  
  16  0:42  Spawning Pool  
  15  0:46  Drone  
  16  0:50  Drone  
  16  0:53  Extractor  
  16  0:56  Drone  
  17  1:04  Overlord  
  17  1:17  Zergling x2  
  18  1:23  Queen  
  18  1:25  Zergling x2  
  19  1:36  Drone  
  19  1:39  Roach Warren  
  21  1:41  Extractor  
  20  1:47  Drone  
  21  1:58  Drone  
  22  2:08  Roach  
  24  2:19  Drone  
  25  2:29  Overlord  
  25  2:33  Roach, Drone  
  28  2:39  Roach  
  30  2:45  Baneling Nest  
  30  2:46  Drone  
  30  2:48  Roach  
  32  2:53  Overlord  
  32  3:01  Drone  
  32  3:03  Drone  
  34  3:06  Drone  
  34  3:10  Drone  
  36  3:14  Drone  
  36  3:18  Drone  
  38  3:25  Evolution Chamber  
  37  3:27  Drone  
  38  3:46  Zergling x2  
  38  4:05  Zergling x2  
  38  4:25  Zergling x2  
  38  4:35  Lair  
  38  4:44  Zergling x2  
  38  4:47  Overlord, Zerg Melee Weapons Level 1  
  38  4:49  Evolution Chamber  
  38  4:52  Roach  
  39  4:53  Drone  
  35  5:00  Roach  
  33  5:07  Roach  
  35  5:15  Roach  
  35  5:18  Zerg Ground Armor Level 1  
  37  5:23  Overlord, Roach  
  39  5:31  Roach  
  39  5:33  Overseer  
  41  5:37  Hydralisk Den  
  41  5:38  Drone  
  41  5:39  Roach  
  43  5:47  Roach, Spore Crawler  
  43  5:49  Drone  
  45  5:51  Queen  
  45  5:55  Spore Crawler  
  45  5:56  Drone  
  45  6:06  Hydralisk  
  49  6:14  Hydralisk, Infestation Pit  
  50  6:20  Spine Crawler  
  50  6:22  Hydralisk, Drone  
  50  6:25  Hatchery  
  50  6:28  Unknown  
  50  6:30  Hydralisk  
  52  6:41  Zerg Missile Weapons Level 1  
  52  6:44  Drone  
  53  6:50  Muscular Augments  
  53  6:53  Zergling x2  
  54  7:01  Spine Crawler  
  53  7:08  Drone  
  53  7:10  Spore Crawler, Drone  
  54  7:16  Drone  
  54  7:21  Drone  
  56  7:23  Drone  
  56  7:27  Drone  
  58  7:30  Drone  
  58  7:33  Drone  
  58  7:36  Drone  
  61  7:40  Overlord  
  61  7:43  Drone  
  62  7:45  Drone  
  62  7:49  Drone  
  64  7:51  Drone  
  64  7:54  Drone  
  64  7:56  Drone  
  67  7:59  Drone  
  67  8:03  Overlord  
  67  8:06  Drone  
  67  8:08  Drone  
  67  8:10  Drone  
  67  8:12  Zergling x2  
  71  8:14  Queen, Drone  
  71  8:16  Drone  
  71  8:19  Drone  
  73  8:23  Spore Crawler  
  73  8:24  Drone  
  73  8:32  Drone  
  73  8:33  Overlord  
  75  8:38  Zergling x2  
  75  8:41  Pneumatized Carapace  
  75  8:49  Spire  
  74  8:56  Hydralisk, Viper  
  58  9:04  Hydralisk  
  63  9:13  Extractor  
  62  9:17  Extractor, Mutalisk  
  62  9:25  Mutalisk  
  64  9:33  Mutalisk  
  65  9:41  Mutalisk  
  65  9:44  Drone  
  67  9:46  Drone  
  67  9:49  Mutalisk  
  66  9:57  Mutalisk  
  62  10:02  Hydralisk  
  63  10:10  Hydralisk  
  65  10:15  Drone  
  65  10:17  Drone  
  65  10:18  Hydralisk  
  65  10:19  Drone  
  70  10:28  Mutalisk  
  70  10:31  Hatchery  
  70  10:32  Zergling x2  
  70  10:34  Unknown  
  70  10:35  Overlord  
  72  10:36  Zergling x2  
  72  10:40  Roach  
  72  10:41  Hatchery  
  74  10:43  Zergling x2  
  74  10:45  Unknown  
  74  10:48  Hydralisk  
  75  10:54  Overlord, Drone, Viper  
  75  10:57  Hydralisk  
  83  11:04  Hydralisk  
  75  11:12  Hydralisk  
  77  11:20  Hydralisk  
  77  11:25  Drone  
  80  11:27  Drone  
  80  11:28  Drone  
  80  11:30  Mutalisk, Drone  
  80  11:31  Drone  
  86  11:33  Drone  
  86  11:34  Extractor, Drone  
  86  11:35  Zerg Flyer Weapons Level 1  
  86  11:36  Hydralisk, Drone  
  86  11:37  Drone  
  86  11:39  Drone  
  91  11:41  Drone  
  91  11:44  Hydralisk  
  91  11:45  Overlord  
  94  11:47  Drone  
  94  11:49  Drone  
  94  11:50  Drone  
  94  11:52  Drone  
  98  11:54  Drone  
  98  11:56  Drone  
  98  11:58  Drone  
  98  11:59  Drone  
  102  12:04  Overlord  
  102  12:21  Queen, Spine Crawler  
  101  12:23  Drone  
  101  12:24  Spine Crawler  
  101  12:26  Spore Crawler, Drone  
  101  12:28  Drone  
  101  12:29  Hive  
  102  12:32  Spore Crawler, Drone  
  85  12:47  Roach  
  85  12:49  Roach  
  89  12:52  Roach  
  89  12:54  Zergling x2  
  89  12:56  Roach  
  96  12:58  Roach  
  96  13:00  Roach  
  96  13:03  Roach  
  96  13:04  Infestor  
  102  13:10  Roach  
  102  13:12  Roach  
  106  13:14  Overlord, Roach  
  106  13:16  Roach  
  106  13:18  Roach  
  112  13:21  Roach  
  112  13:23  Roach  
  112  13:25  Roach  
  112  13:26  Hydralisk  
  117  13:27  Zergling x2  
  117  13:29  Zerg Flyer Armor Level 1  
  117  13:34  Overlord  
  120  13:37  Infestor, Zerg Melee Weapons Level 2  
  122  13:41  Extractor, Zerg Ground Armor Level 2, Drone  
  122  13:43  Ultralisk Cavern  
  122  13:44  Drone  
  122  13:49  Drone  
  122  13:53  Overlord  
  122  13:58  Pathogen Glands  
  122  14:03  Overseer x3  
  122  14:05  Glial Reconstitution  
  122  14:08  Hydralisk  
  122  14:26  Spine Crawler  
  122  14:27  Drone  
  122  14:30  Spine Crawler  
  121  14:31  Drone  
  114  14:39  Roach  
  114  14:41  Roach  
  114  14:42  Hydralisk  
  114  14:43  Roach  
  114  14:45  Hydralisk  
  116  14:51  Roach, Hydralisk  
  116  14:53  Hydralisk  
  116  14:56  Hydralisk  
  122  15:08  Zergling x2  
  122  15:18  Overlord  
  122  15:20  Overseer  
  122  15:23  Tunneling Claws  
  122  15:30  Hydralisk  
  122  15:32  Hydralisk  
  122  15:34  Hydralisk  
  119  15:37  Hydralisk  
  119  15:39  Hydralisk  
  121  15:44  Roach  
  121  15:46  Roach  
  121  15:48  Roach  
  112  15:50  Roach  
  112  15:52  Hydralisk  
  112  15:53  Roach, Zerg Missile Weapons Level 2  
  112  15:54  Hydralisk  
  116  16:00  Zerg Ground Armor Level 3  
  116  16:03  Zergling x2  
  117  16:10  Roach  
  119  16:14  Overlord  
  119  16:17  Ultralisk  
  125  16:23  Ultralisk  
  121  16:31  Ultralisk  
  121  16:35  Overseer  
  121  16:38  Ultralisk  
  127  16:54  Overlord, Overseer  
  127  16:59  Ultralisk  
  132  17:14  Overlord  
  129  17:17  Ultralisk  
  129  17:21  Hydralisk  
  134  17:30  Zergling x2  
  113  17:41  Ultralisk  
  89  17:45  Overseer  
  88  18:04  Ultralisk  
  94  18:13  Overseer  
  94  18:26  Ultralisk  
  100  18:31  Overseer  
  99  18:35  Hydralisk  
  96  18:44  Zergling x2  
  96  18:48  Hydralisk  
  79  18:54  Greater Spire  
  81  18:59  Ultralisk  
  87  19:03  Overseer  
  87  19:13  Overseer  
  87  19:27  Ultralisk  
  91  19:48  Overlord  
  92  20:06  Overlord  
  91  20:14  Overseer  
  91  20:17  Unknown  
  91  20:20  Overseer  
  89  20:49  Unknown  
  87  20:50  Overlord  
  87  20:51  Brood Lord, Overseer  
  86  20:58  Zergling x2  
  85  21:10  Overseer  
  85  21:11  Overlord  
  88  21:23  Overseer  
  86  21:26  Hatchery, Hydralisk  
  86  21:28  Unknown  
  86  21:29  Overlord  
  86  21:30  Unknown  
  87  21:33  Zergling x2  
  88  21:43  Overlord  
  88  21:47  Hydralisk  
  88  21:53  Zergling x2  
  74  21:57  Roach  
  74  21:58  Hydralisk  
  70  22:03  Unknown, Drone  
  70  22:04  Zergling x2  
  70  22:08  Roach  
  69  22:09  Hydralisk, Overseer  
  69  22:12  Drone, Overseer  
  69  22:13  Hydralisk, Drone  
  69  22:15  Drone  
  73  22:16  Drone  
  73  22:18  Drone  
  73  22:19  Zergling x2, Drone  
  73  22:21  Drone  
  73  22:22  Drone  
  71  22:23  Queen, Roach, Drone  
  71  22:25  Drone  
  71  22:26  Drone  
  71  22:27  Zergling x2  
  71  22:28  Drone  
  71  22:29  Overlord, Drone  
  74  22:30  Roach  
  74  22:31  Drone  
  74  22:32  Drone  
  74  22:34  Zergling x2, Drone  
  74  22:35  Drone  
  66  22:37  Drone  
  66  22:38  Roach  
  66  22:39  Drone  
  66  22:40  Drone  
  66  22:41  Roach  
  66  22:42  Drone  
  66  22:43  Drone  
  60  22:45  Zergling x2, Drone  
  60  22:46  Drone  
  60  22:48  Zergling x2, Drone  
  60  22:49  Drone  
  25  22:52  Roach, Drone  
  25  22:56  Drone  
  24  23:03  Drone  
  16  23:07  Extractor  
  16  23:11  Extractor  
  14  23:15  Drone  
  14  23:16  Drone  
  8  23:53  Drone  
  6  24:02  Hatchery  
  6  24:06  Unknown  
  5  24:26  Overlord  
  5  24:29  Drone  
  5  24:31  Spawning Pool  
  4  24:46  Lair  
  4  24:53  Drone  
  5  25:00  Drone  
  5  25:29  Queen  
  5  25:38  Zergling x2, Drone  
  5  25:39  Drone  
Tags
 
Add a new tag
Caveats
  • Supply blocks, unpowered buildings, or Contaminate may cause inaccurate times.
  • Supply counts are checked every 10 seconds.